 Dungeon Crawl Stone Soup version 0.31-a0-263-ge8cad7f256 (webtiles) character file.

Game seed: 15111459423251796498

295 qw the Shooter (level 6, -1/37 HPs)
             Began as a Gargoyle Hexslinger on July 13, 2023.
             Slain by an orc
             ... wielding a +0 trident
              (6 damage)
             ... on level 4 of the Dungeon.
             The game lasted 00:01:19 (2481 turns).

qw the Shooter (Gargoyle Hexslinger)                Turns: 2481, Time: 00:01:20

Health: -1/37      AC: 10    Str: 12    XL:     6   Next: 34%
Magic:  7/7        EV: 10    Int: 13    God:
Gold:   135        SH:  0    Dex: 14    Spells: 6/7 levels left

rFire   . . .        Y - +2 sling
rCold   . . .        (no shield)
rNeg    + . .        k - +0 ring mail
rPois   inf          f - +0 helmet
rElec   +            (no cloak)
rCorr   .            (no gloves)
SInv    .            (no boots)
Will    .....        (no amulet)
Stlth   +            (no ring)
HPRegen 0.26/turn    (no ring)
MPRegen 0.10/turn

%: no passive effects
@: about to teleport, slowed, very slow
A: sickness immunity, AC +4, negative energy resistance 1, electricity
resistance, torment resistance 1, petrification resistance
a: no special abilities


You were on level 4 of the Dungeon.
You visited 1 branch of the dungeon, and saw 4 of its levels.

You collected 135 gold pieces.


Innate Abilities, Weirdness & Mutations

You are immune to sickness and miasma.
Your stone body is resilient. (AC +4)
You are immune to poison.
You resist negative energy. (rN+)
You are resistant to electric shocks. (rElec)
You are resistant to unholy torment.
You are immune to petrification.


   Skills:
 - Level 3.2 Fighting
 + Level 5.7 Ranged Weapons
 - Level 1.0 Armour
 - Level 1.5 Dodging
 - Level 1.0 Spellcasting
 - Level 2.6 Hexes


You had 6 spell levels left.
You knew the following spells:

 Your Spells              Type           Power      Damage    Failure   Level
a - Slow                  Hex            28%        N/A       22%         1

Your spell library contained the following spells:

 Spells                   Type           Power      Damage    Failure   Level
 Inner Flame              Hex/Fire       4%         N/A       73%         3
 Portal Projectile        Hex/Tloc       8%         N/A       73%         3
 Cause Fear               Hex            3%         N/A       91%         4

Inventory:

Hand Weapons
 Y - a +2 sling (weapon)
Armour
 f - a +0 helmet (worn)
 k - a +0 ring mail (worn)
Jewellery
 l - a ring of ice
Scrolls
 a - 3 scrolls of identify
 e - a scroll of teleportation
Potions
 b - 2 potions of curing
 i - a potion of might
 j - a potion of haste

Dungeon Overview and Level Annotations

Branches:
Dungeon (4/15)
 Temple: D:4-7

Altars:
Hepliaklqana

Shops:
D:1 [=:

Annotations:
D:4 Natasha


Message History

The orc closely misses you. The orc hits you but does no damage.
The orc priest looks braver for a moment.
Natasha casts a spell at you. The magic dart hits you.
You shoot a sling bullet.
The sling bullet closely misses the orc.
The orc hits you with a +0 short sword. The orc hits you but does no damage. x2
The orc hits you from afar with a +0 trident.
You shoot a sling bullet. The sling bullet hits the orc!
You kill the orc!
The orc closely misses you.
You shoot a sling bullet. The sling bullet hits Natasha.
Natasha is moderately wounded.
The orc barely misses you.
You shoot a sling bullet.
The sling bullet completely misses Natasha.
The orc barely misses you.
Natasha stares at you and mumbles some strange words.
You feel yourself slow down.
You shoot a sling bullet. The sling bullet hits Natasha.
Natasha is heavily wounded.
The orc closely misses you. Natasha casts a spell at you.
The magic dart hits you. The orc barely misses you.
You shoot a sling bullet. The sling bullet misses Natasha.
The orc barely misses you.
The orc hits you from afar with a +0 trident.
You shoot a sling bullet. The sling bullet barely misses Natasha.
The orc hits you from afar with a +0 trident.
The orc barely misses you.
The orc priest calls down the wrath of Beogh upon you.
Beogh smites you!
2480 ||| READING 2 scrolls of teleportation.
As you read the scroll of teleportation, it crumbles to dust.
You feel strangely unstable. The orc hits you but does no damage.
The orc closely misses you.
You shoot a sling bullet. The sling bullet hits Natasha.
Natasha is severely wounded.
The orc hits you from afar with a +0 trident.
You die...

...###..## ##.......##.
.... .########.........
....######..........##..
....................##.#
...#######...>.........
#...¤¤¤......##.
#.~~~¤¤~~~¤..#
#.~..¤¤.)¤~..#
#...#.###@¤h¤#
#.~.#...#¤~..#
#.~.#._.#¤¤o.#
...~.#...#.~..#
###.~.###.#.¤¤## #.~..
...~.# #.~~~¤ ~~~~.#
#..... ooo..#


You could see Natasha and an orc.

Vanquished Creatures
  A scorpion (D:4)
  3 orc wizards
  Robin (D:3)
  3 adders
  An ufetubus (D:2)
  3 worms (D:2)
  4 dart slugs
  7 orcs
  6 ball pythons
  11 endoplasms
  3 giant cockroaches (D:2)
  13 goblins
  6 hobgoblins
  7 jackals
  3 quokkas
  5 bats
  3 kobolds
  5 rats
85 creatures vanquished.

Notes
Turn   | Place    | Note
-------+----------+-------------------------------------------
     0 | D:1      | qw the Gargoyle Hexslinger began the quest for the Orb.
     0 | D:1      | Reached XP level 1. HP: 12/12 MP: 2/2
     0 | D:1      | 0 ||| qw: Version: 0.3-a-52-g30416fa
     0 | D:1      | 0 ||| qw: Game counter: 7314
     0 | D:1      | 0 ||| qw: Melee chars always use a shield: true
     0 | D:1      | 0 ||| qw: God list: Okawaru
     0 | D:1      | 0 ||| qw: Allow faded altars: false
     0 | D:1      | 0 ||| qw: Do Orc after clearing Dungeon:15 true
     0 | D:1      | 0 ||| qw: Do second Lair branch before Depths: true
     0 | D:1      | 0 ||| qw: Lair rune preference: random
     0 | D:1      | 0 ||| qw: Goals: Normal
     0 | D:1      | 0 ||| PLANNING D:1-11
    84 | D:1      | Reached XP level 2. HP: 16/16 MP: 3/3
   137 | D:1      | Reached skill level 3 in Ranged Weapons
   178 | D:1      | Found Bumyniwk's Jewellery Shop.
   183 | D:1      | Found Degrauw's Book Boutique.
   188 | D:1      | 188 ||| SHOPLISTING +5 ring of evasion (360 gold, have 14).
   188 | D:1      | 188 ||| SHOPLISTING +6 ring of strength (360 gold, have
                  | 14).
   188 | D:1      | 188 ||| SHOPLISTING amulet of reflection (300 gold, have
                  | 14).
   188 | D:1      | 188 ||| SHOPLISTING ring of Zoymih {rC- Int+6 Dex+4} (444
                  | gold, have 14).
   188 | D:1      | 188 ||| SHOPLISTING ring of ice (250 gold, have 14).
   466 | D:1      | Found Ecwa's Antique Armour Shop.
   474 | D:1      | 474 ||| SHOPLISTING pair of gloves (108 gold, have 34).
   474 | D:1      | 474 ||| SHOPLISTING runed robe (88 gold, have 34).
   474 | D:1      | 474 ||| SHOPLISTING shiny helmet (180 gold, have 34).
   505 | D:1      | Reached XP level 3. HP: 21/21 MP: 4/4
   689 | D:1      | 689 ||| UPGRADING to +0 leather armour.
   699 | D:1      | 699 ||| DROPPING +0 robe.
   700 | D:1      | 700 ||| UPGRADING to +0 ring mail.
   710 | D:1      | 710 ||| DROPPING +0 leather armour.
   711 | D:1      | 711 ||| READING 2 scrolls labelled POUTOG FIECLOE.
   712 | D:1      | 712 ||| DRINKING 2 fuming cyan potions.
   754 | D:1      | 754 ||| DRINKING 2 grey potions.
   755 | D:1      | 755 ||| DROPPING scroll of poison.
   756 | D:1      | 756 ||| DROPPING potion of lignification.
  1035 | D:2      | Reached XP level 4. HP: 26/26 MP: 5/5
  1114 | D:2      | Reached skill level 4 in Ranged Weapons
  1433 | D:2      | Reached skill level 1 in Armour
  1444 | D:2      | 1444 ||| READING scroll labelled EKHIASARECH.
  1445 | D:2      | 1445 ||| READING scroll labelled RIGEAGRU WUESI.
  1446 | D:2      | 1446 ||| READING scroll labelled ARUIK AMNOJEKH.
  1450 | D:2      | 1450 ||| READING scroll labelled ETUSTR EWYDGH.
  1451 | D:2      | 1451 ||| DRINKING 2 green potions.
  1452 | D:2      | 1452 ||| READING 2 scrolls of identify.
  1452 | D:2      | 1452 ||| IDENTIFYING fizzy inky potion
  1453 | D:2      | 1453 ||| DROPPING potion of attraction.
  1454 | D:2      | 1454 ||| DROPPING potion of degeneration.
  1648 | D:3      | Found a faded altar of an unknown god.
  1778 | D:3      | Noticed Robin
  1793 | D:3      | Killed Robin
  1794 | D:3      | Reached XP level 5. HP: 24/30 MP: 6/6
  2219 | D:3      | Reached skill level 5 in Ranged Weapons
  2240 | D:3      | 2240 ||| UPGRADING to +0 helmet.
  2245 | D:3      | 2245 ||| READING scroll labelled VETURGH ETUNNAS.
  2246 | D:3      | 2246 ||| READING 2 scrolls labelled UZAHUF POGHUKE.
  2247 | D:3      | 2247 ||| DRINKING 4 fuming brown potions.
  2248 | D:3      | 2248 ||| DRINKING 2 amethyst potions.
  2249 | D:3      | 2249 ||| DROPPING scroll of blinking.
  2299 | D:4      | 2299 ||| DRINKING 3 potions of curing.
  2299 | D:4      | 2299 ||| (to cure confusion)
  2323 | D:4      | Reached skill level 3 in Fighting
  2323 | D:4      | Reached XP level 6. HP: 26/37 MP: 7/7
  2450 | D:4      | Found a hazy altar of Hepliaklqana.
  2461 | D:4      | 2461 ||| Stepping ~*~*~tactically~*~*~ (outnumbered).
  2465 | D:4      | Noticed Natasha
  2479 | D:4      | HP: 4/37 [orc priest/divine providence (11)]
  2480 | D:4      | 2480 ||| READING 2 scrolls of teleportation.
  2481 | D:4      | Slain by an orc

Levels and vault maps discovered:
D:1:      ldierk_walled_garden_2, layout_basic, serial_shops, shop, shop, shop
D:2:      layout_basic, chequers_serial_rivers_large_b
D:3:      layout_loops_ring, hellmonk_ecumenical_altar_crossroads, st_stairs_1,
          chequers_serial_rivers_small_b, uniq_robin
D:4:      layout_rooms, mainiacjoe_overflow_brackets,
          mainiacjoe_overflow_boulevard, minmay_a_box_with_orc_wizards_in_it,
          uniq_natasha, uniq_duvessa, uniq_grinder

Skill      XL: |  1  2  3  4  5 |
---------------+----------------+-----
Ranged Weapons | 3 4 5 |  5.7
Fighting       | 2 3 |  3.2
Armour         | 1 |  1.0
Dodging        | |  1.5
Spellcasting   | |  1.0
Hexes          | |  2.6

Action                     |  1- 3 |  4- 6 || total
---------------------------+-------+-------++-------
   Fire: Sling             |   111 |   230 ||   341
    Use: Potion            |     2 |     4 ||     6
         Scroll            |     1 |     8 ||     9
 Armour: Robe              |     8 |       ||     8
         Ring mail         |    10 |    84 ||    94
  Dodge: Dodged            |    27 |    93 ||   120

Table legend:
 A = Non-vault XP
 B = Vault XP
 C = Vault XP percentage of total XP
 D = Non-vault monster count
 E = Vault monster count
 F = Vault count percentage of total count
                 A         B        C        D         E       F
            +---------+---------+-------+---------+---------+-------
      Total |     376 |      46 |  10.9 |      74 |      11 |  12.9
            +---------+---------+-------+---------+---------+-------
        D:1 |      43 |       0 |   0.0 |      19 |       0 |   0.0
        D:2 |      66 |       0 |   0.0 |      22 |       0 |   0.0
        D:3 |      94 |      46 |  32.9 |      25 |      11 |  30.6
        D:4 |     173 |       0 |   0.0 |       8 |       0 |   0.0
            +---------+---------+-------+---------+---------+-------
